 Dungeon Crawl Stone Soup version 0.29.1-15-g9cfb28693d (webtiles) character file.

Game seed: 5176750285888730563

94 booth the Firebug (level 4, -7/31 HPs)
             Began as a Demonspawn Fire Elementalist on Feb 22, 2023.
             Mangled by an orc priest
             ... wielding a +0 flail
              (9 damage)
             ... on level 3 of the Dungeon.
             The game lasted 00:12:10 (2101 turns).

booth the Firebug (Demonspawn Fire Elementalist)    Turns: 2101, Time: 00:12:10

Health: -7/31      AC:  4    Str: 14    XL:     4   Next: 38%
Magic:  4/7        EV: 12    Int: 18    God:
Gold:   63         SH:  0    Dex: 14    Spells: 4/7 levels left

rFire   . . .      SeeInvis .   e - +2 short sword (venom)
rCold   . . .      Faith    .   (no shield)
rNeg    . . .      Spirit   .   a - +0 robe
rPois   .          Reflect  .   c - +0 helmet
rElec   .          Harm     .   (no cloak)
rCorr   .          Rampage  .   d - +0 pair of gloves
Will    .....                   (no boots)
Stlth   ++........              (no amulet)
HPRegen 0.10/turn               i - +6 ring of strength
MPRegen 0.10/turn               (no ring)

@: no status effects
A: powered by death 1, weakness stinger 2
a: no special abilities


You were on level 3 of the Dungeon.
You visited 1 branch of the dungeon, and saw 3 of its levels.

You collected 63 gold pieces.

Inventory:

Hand Weapons
 e - a +2 short sword of venom (weapon)
 q - a +0 hand axe
Missiles
 j - 6 javelins
 n - 6 poisoned darts
Armour
 a - a +0 robe (worn)
 c - a +0 helmet (worn)
 d - a +0 pair of gloves (worn)
 m - a +0 leather armour
Jewellery
 i - a +6 ring of strength (left hand)
Scrolls
 f - a scroll of immolation
 g - a scroll of butterflies {unknown}
 l - 2 scrolls of amnesia {unknown}
 o - a scroll of summoning {unknown}
 r - a scroll of teleportation
Potions
 b - 2 potions of magic
 h - a potion of invisibility
 k - a potion of cancellation {unknown}
 p - a potion of curing {unknown}


   Skills:
 + Level 0.5 Fighting
 + Level 1.1 Short Blades
 + Level 2.1 Dodging
 + Level 2.2 Stealth
 + Level 2.3 Spellcasting
 + Level 1.2 Conjurations
 + Level 3.7 Fire Magic


You had 4 spell levels left.
You knew the following spells:

 Your Spells              Type           Power      Damage    Failure   Level
a - Foxfire               Conj/Fire      44%        2x1d6     6%          1
b - Scorch                Fire           30%        2d7       5%          2

Your spell library contained the following spells:

 Spells                   Type           Power      Damage    Failure   Level
 Slow                     Hex            8%         N/A       17%         1
 Conjure Flame            Conj/Fire      11%        6-21      19%         3
 Inner Flame              Hex/Fire       8%         N/A       24%         3
 Ignite Poison            Fire/Tmut/Pois 6%         N/A       30%         3
 Confusing Touch          Hex            2%         N/A       45%         3
 Vampiric Draining        Necr           2%         2d6       45%         3
 Flame Wave               Conj/Fire      11%        2d6       54%         4
 Sticky Flame             Conj/Fire      11%        2d3       54%         4


Dungeon Overview and Level Annotations

Branches:
Dungeon (3/15)

Altars:


Innate Abilities, Weirdness & Mutations

You regenerate a little health from kills.
You have a tail ending in a sharp stinger.


Message History

You conjure some foxfire!
The foxfire hits the adder.
You kill the adder!
Your foxfire dissipates!
r - a scroll of teleportation You start resting.
HP restored.
You start resting.
Magic restored.
Found 3 poisoned darts.
Found an escape hatch in the ceiling.
n - 6 poisoned darts (gained 3)
You open the door.
There is an open door here.
Found a stone staircase leading down. 3 orc priests and an orc come into view.
The orc priest shouts!
You hear a shout!
The orc priest shouts!
The orc priest invokes the aid of Beogh against you.
Beogh smites you!
Ouch! That really hurt!
The orc priest casts a cantrip, but nothing happens.
The orc priest shouts!
An orc priest comes into view. It is wielding a +0 dagger.
The orc priest shouts!
The orc priest mumbles some strange prayers to Beogh against you.
Beogh smites you!
* * * LOW HITPOINT WARNING * * *
There is a stone staircase leading down here.
Casting: Foxfire (safe; 6% risk of failure)
Confirm with . or Enter, or press ? or * to list all spells.
You conjure some foxfire!
The foxfire hits the orc priest but does no damage. x2
Casting: Foxfire (safe; 6% risk of failure)
Confirm with . or Enter, or press ? or * to list all spells.
Flames lash the orc priest.
The orc priest is heavily wounded.
The orc priest's fire resistance burns away.
The orc priest attacks as you move away!
The orc priest hits you with a +0 flail!
You die...

.##.........# #.#
.##.........+ ..o
.###........# #o#
.# #........# #o#
.# #........# #.#
.# #...<....# #o#
.#
#....#'######.#####
.#
#....#...#...o....#
##
#....###.#.##@###.#
###### #....#.#
######.. ####


You could see 4 orc priests and an orc.

Vanquished Creatures
  An orc wizard (D:3)
  2 adders
  4 orcs (D:3)
  5 endoplasms
  4 giant cockroaches
  8 goblins
  5 hobgoblins
  2 jackals (D:1)
  7 ball pythons (D:1)
  2 frilled lizards
  2 kobolds
  2 rats
44 creatures vanquished.

Vanquished Creatures (others)
  59 foxfires
59 creatures vanquished.

Grand Total: 103 creatures vanquished

Notes
Turn   | Place    | Note
-------+----------+-------------------------------------------
     0 | D:1      | booth the Demonspawn Fire Elementalist began the quest for
                  | the Orb.
     0 | D:1      | Reached XP level 1. HP: 13/13 MP: 3/3
   150 | D:1      | Reached skill level 3 in Fire Magic
   299 | D:1      | Gained mutation: You regenerate a little health from kills.
                  | [demonic ancestry]
   299 | D:1      | Reached XP level 2. HP: 17/19 MP: 3/5
   345 | D:1      | Learned a level 2 spell: Scorch
   948 | D:2      | Gained mutation: You have a small tail. [demonic ancestry]
   948 | D:2      | Reached XP level 3. HP: 24/24 MP: 1/6
  1960 | D:3      | Reached skill level 1 in Short Blades
  1960 | D:3      | Gained mutation: You have a tail ending in a sharp stinger.
                  | [demonic ancestry]
  1960 | D:3      | Reached XP level 4. HP: 10/31 MP: 0/7
  2101 | D:3      | Mangled by an orc priest

Illustrated notes

Levels and vault maps discovered:
D:1:      co_arrival_square_in_a_square_in_a_square, layout_rooms
D:2:      layout_basic
D:3:      minmay_octagon_keep, layout_basic, shapermc_ecumenical_altar_venn

Skill      XL: |  1  2  3 |
---------------+----------+-----
Fire Magic     | 3 |  3.7
Dodging        | 2 |  2.1
Short Blades   | 1 |  1.1
Stealth        | 2 |  2.2
Fighting       | |  0.5
Spellcasting   | |  2.3
Conjurations   | |  1.2

Action                   |  1- 3 |  4- 6 || total
-------------------------+-------+-------++-------
Melee: Short sword       |    37 |     4 ||    41
       Tailslap          |     3 |       ||     3
 Cast: Foxfire           |    30 |     4 ||    34
       Scorch            |     2 |     1 ||     3
  Use: Scroll            |     3 |       ||     3
 Stab: Sleeping          |     2 |       ||     2
Armor: Robe              |     8 |     1 ||     9
Dodge: Dodged            |    22 |     2 ||    24
